[Event "Titled Tuesday Blitz May 24 Early 2022"]
[White "Tregubov, Pavel V."]
[Black "Ibrahimli, Murad"]
[WhiteFideId "4115341"]
[BlackFideId "13410229"]
[WhiteElo "2597"]
[BlackElo "2837"]
[Result "1-0"]
[Round "03"]
[TimeControl "180+1"]
[Date "2022.05.25"]
[WhiteClock "0:00:17"]
[BlackClock "0:00:10"]

1. e4 c5 2. Nf3 d6 3. Bb5+ Bd7 4. Bxd7+ Qxd7 5. O-O Nc6 6. c3 Nf6 7. Qe2 e6 8. d4 cxd4 9. cxd4 d5 10. e5 Ng8 11. Nc3 Nge7 12. Nb5 Nc8 13. Be3 a6 14. Nc3 Bb4 15. Rac1 Bxc3 16. Rxc3 N8e7 17. Ne1 O-O 18. Nd3 b6 19. Rfc1 Rfc8 20. h3 a5 21. Ne1 Nd8 22. Qd3 Rxc3 23. Rxc3 Rc8 24. Nc2 Rxc3 25. Qxc3 h6 26. Na3 Nf5 27. Qb3 Qc6 28. Qb5 Kf8 29. Kf1 Ke7 30. Ke2 Qc7 31. g4 Nxe3 32. fxe3 f6 33. exf6+ gxf6 34. Kd3 Nf7 35. Qb3 Nd6 36. Qc3 Qb7 37. Ke2 Qa6+ 38. Qd3 Qc8 39. Nb5 Nxb5 40. Qxb5 Qc2+ 41. Kf3 Qd1+ 42. Kf2 Qd2+ 43. Kf3 Qd1+ 44. Kf2 Qc2+ 45. Kf3 Qc7 46. a4 Kf7 47. Qd3 Kg7 48. Kg2 Qc6 49. Qb3 e5 50. dxe5 fxe5 51. Kg3 Kf6 52. Qd3 e4 53. Qd4+ Ke6 54. Qg7 Qxa4 55. Qxh6+ Kd7 56. Qg7+ Kc6 57. Qc3+ Kb7 58. h4 Qd1 59. h5 Qf3+ 60. Kh4 b5 61. h6 b4 62. Qg7+ Kb6 63. h7 Qf2+ 64. Kh5 Qh2+ 65. Kg6 1-0


[Site "https://www.chess.com"]

[Event "Titled Tuesday Blitz May 24 Early 2022"]
[White "Tymrakiewicz, Rafal"]
[Black "Liyanage, Ranindu Dilshan"]
[WhiteFideId "1108832"]
[BlackFideId "9915834"]
[WhiteElo "2205"]
[BlackElo "1858"]
[Result "0-1"]
[Round "03"]
[TimeControl "180+1"]
[Date "2022.05.25"]
[WhiteClock "0:00:07"]
[BlackClock "0:00:10"]

1. e4 e5 2. Nc3 Nf6 3. Bc4 Nc6 4. d3 Na5 5. Bg5 c6 6. Nf3 Nxc4 7. dxc4 h6 8. Bh4 g5 9. Bg3 d6 10. c5 g4 11. Nh4 Be6 12. O-O Nh5 13. cxd6 Nxg3 14. hxg3 Qxd6 15. Nf5 Qxd1 16. Rfxd1 h5 17. Nd6+ Bxd6 18. Rxd6 Ke7 19. Rad1 Rab8 20. R6d2 b5 21. b3 Rhd8 22. Rxd8 Rxd8 23. Rxd8 Kxd8 24. f3 Kc7 25. Kf2 Kd6 26. Ke3 Kc5 27. a3 a5 28. Kd3 f6 29. Nd1 a4 30. b4+ Kd6 31. Ne3 c5 32. c3 Kc6 33. Kd2 Kd6 34. Kd3 Bb3 35. fxg4 hxg4 36. Nxg4 cxb4 37. cxb4 Bc4+ 38. Ke3 Ke6 39. Nh6 Bf1 40. Kf3 Bd3 41. Nf5 Bc2 42. Ne3 Bd3 43. Nd5 Bc4 44. Nc3 Bd3 45. g4 Bc4 46. Kg3 Bf1 47. Kh3 Bc4 48. Kh4 Bf1 49. g3 Bc4 50. Kh5 Kf7 51. g5 Kg7 52. gxf6+ Kxf6 53. g4 Bd3 54. g5+ Kg7 55. g6 Bc4 56. Kg5 Bd3 57. Kf5 Bc4 58. Kg4 Kxg6 59. Nd1 Be2+ 0-1


[Site "https://www.chess.com"]

[Event "Titled Tuesday Blitz May 24 Early 2022"]
[White "Vainio, Ville"]
[Black "Lutz, Igor Oscar"]
[WhiteFideId "507270"]
[BlackFideId "2110806"]
[WhiteElo "2232"]
[BlackElo "1717"]
[Result "1-0"]
[Round "03"]
[TimeControl "180+1"]
[Date "2022.05.25"]
[WhiteClock "0:00:22"]
[BlackClock "0:00:12"]

1. e4 c5 2. Nf3 e6 3. d4 cxd4 4. Nxd4 Nf6 5. Nc3 d6 6. Be2 Nc6 7. O-O Be7 8. f4 e5 9. Nb3 exf4 10. Bxf4 O-O 11. Qe1 Be6 12. Rd1 Qb6+ 13. Kh1 Ne5 14. Qg3 Nfd7 15. Bh6 Ng6 16. Be3 Qc7 17. Rd2 Rac8 18. Nb5 Qc6 19. Nxa7 Qxe4 20. Nxc8 Rxc8 21. Bd3 Qh4 22. Bxg6 Qxg3 23. Bxf7+ Bxf7 24. hxg3 Bf6 25. c3 Be5 26. Bf4 Rc6 27. Rfd1 Bh5 28. Re1 Bg4 29. Bxe5 Nxe5 30. Rd4 Bf5 31. Rf4 g6 32. Nd4 Rc5 33. Nxf5 gxf5 34. Rxf5 Nd3 35. Rxc5 dxc5 36. Re2 b6 37. Rd2 c4 38. b3 b5 39. bxc4 bxc4 40. a4 Kf7 41. a5 Ke7 42. a6 1-0


[Site "https://www.chess.com"]

[Event "Titled Tuesday Blitz May 24 Early 2022"]
[White "Vakhlamov, Igor L."]
[Black "Grischuk, Alexander"]
[WhiteFideId "24126748"]
[BlackFideId "4126025"]
[WhiteElo "2401"]
[BlackElo "2762"]
[Result "1/2-1/2"]
[Round "03"]
[TimeControl "180+1"]
[Date "2022.05.24"]
[WhiteClock "0:00:11"]
[BlackClock "0:00:12"]

1. e4 e6 2. d4 d5 3. Nc3 Nf6 4. Bd3 c5 5. Nf3 c4 6. Be2 Bb4 7. e5 Ne4 8. Bd2 Bxc3 9. Bxc3 Nc6 10. O-O O-O 11. Be1 f6 12. exf6 Qxf6 13. c3 Bd7 14. Nd2 Nd6 15. Nf3 Be8 16. Bd2 Bh5 17. Ne5 Bxe2 18. Qxe2 Qf5 19. Rae1 Rae8 20. f3 Nxe5 21. Qxe5 Qxe5 22. Rxe5 Rf5 23. Rfe1 Rxe5 24. Rxe5 Kf7 25. Bf4 Nf5 26. Kf2 b5 27. g4 Ne7 28. Re2 Nc6 29. Bd6 a5 30. a3 Rd8 31. Bc5 Rc8 32. h4 h5 33. Kg3 Rh8 34. Bd6 Rh6 35. Bf4 Rh8 36. Bd6 b4 37. axb4 axb4 38. Bc5 b3 39. Bd6 Ne7 40. Re1 Ng6 41. Ra1 hxg4 42. fxg4 Rxh4 43. Ra7+ Kg8 44. Be5 Nxe5 45. Kxh4 Nd3 46. Kg5 Kh7 47. Kh5 Nf4+ 48. Kg5 Nd3 49. Kh5 Nf4+ 50. Kg5 Nd3 1/2-1/2


[Site "https://www.chess.com"]

[Event "Titled Tuesday Blitz May 24 Early 2022"]
[White "Valle Maytin, Luis Enrique"]
[Black "Nilsen, Tobias Lang"]
[WhiteFideId "3503666"]
[BlackFideId "1521624"]
[WhiteElo "2252"]
[BlackElo "2014"]
[Result "0-1"]
[Round "03"]
[TimeControl "180+1"]
[Date "2022.05.25"]
[WhiteClock "0:00:05"]
[BlackClock "0:00:08"]

1. e4 e6 2. d4 d5 3. Bd3 c5 4. exd5 exd5 5. dxc5 Nf6 6. Ne2 Bxc5 7. O-O O-O 8. Nd2 Nc6 9. c3 Bb6 10. Nb3 Bg4 11. Qc2 Re8 12. Bg5 h6 13. Bh4 Rc8 14. a3 a6 15. Kh1 Ne5 16. f3 Bh5 17. Bf5 Rc4 18. Rad1 Rxh4 19. Nbd4 Qd6 20. g3 Bxd4 21. Nxd4 Rxd4 22. Rxd4 Nxf3 23. Rf4 Re1 24. Rxe1 Nxe1 25. Qf2 Qe5 26. Qd4 Qxd4 27. Rxd4 Nf3 28. Rb4 b5 29. Kg2 Ne1+ 30. Kf2 Nf3 31. g4 Nh4 32. Bc8 Bg6 33. Bxa6 Ne4+ 34. Kg1 Nf3+ 35. Kf1 Nfd2+ 36. Kg2 Nc5 37. Bxb5 Be4+ 38. Kf2 Ne6 39. Be2 Nf4 40. h4 g5 41. hxg5 hxg5 42. Ke3 Nxe2 43. Rb8+ Kg7 44. Kxe2 Nf3 45. Ke3 Ne5 46. a4 Nxg4+ 47. Kd4 Nf6 48. a5 g4 49. a6 g3 50. Ke3 Ng4+ 51. Ke2 g2 52. a7 g1=Q 53. a8=Q Qe3+ 54. Kd1 Nf2# 0-1


[Site "https://www.chess.com"]

[Event "Titled Tuesday Blitz May 24 Early 2022"]
[White "Van den Dikkenberg, Erik"]
[Black "Rodchenkov, Sergey D."]
[WhiteFideId "1005880"]
[BlackFideId "4168712"]
[WhiteElo "2118"]
[BlackElo "2306"]
[Result "1-0"]
[Round "03"]
[TimeControl "180+1"]
[Date "2022.05.25"]
[WhiteClock "0:02:07"]
[BlackClock "0:01:53"]

1. e4 c5 2. Nc3 d6 3. f4 g6 4. Nf3 Bg7 5. Bb5+ Bd7 6. Bc4 Nc6 7. O-O e6 8. d3 Nf6 9. Bb3 O-O 10. Qe1 Na5 11. Kh1 Nxb3 12. axb3 b5 13. Qh4 b4 14. Ne2 Bc6 15. f5 Nd7 16. Bg5 f6 17. fxg6 hxg6 18. Nf4 Kf7 19. Qh7 Rh8 20. Qxg6+ Ke7 21. Qxg7+ Ke8 1-0


[Site "https://www.chess.com"]

[Event "Titled Tuesday Blitz May 24 Early 2022"]
[White "Visakh N R"]
[Black "Hua, Lefong"]
[WhiteFideId "25012223"]
[BlackFideId "2602253"]
[WhiteElo "2448"]
[BlackElo "2625"]
[Result "1-0"]
[Round "03"]
[TimeControl "180+1"]
[Date "2022.05.24"]
[WhiteClock "0:00:28"]
[BlackClock "0:00:05"]

1. Nf3 Nf6 2. g3 g6 3. Bg2 Bg7 4. b3 O-O 5. Bb2 c5 6. O-O Nc6 7. e3 d6 8. c4 Bg4 9. Nc3 a6 10. h3 Bxf3 11. Qxf3 Rc8 12. Rfd1 Qa5 13. d4 cxd4 14. exd4 b5 15. Qe2 bxc4 16. bxc4 e5 17. dxe5 Nxe5 18. Nd5 Nxd5 19. Bxd5 Rfe8 20. Rac1 Qb4 21. Bd4 a5 22. Kg2 h5 23. Rb1 Qa4 24. Rb7 Rf8 25. Rdb1 Nxc4 26. Bxg7 Kxg7 27. Qe4 Qxa2 28. R1b2 Qxb2 29. Rxb2 Nxb2 30. Qd4+ Kh7 31. Qxb2 Rc5 32. Ba2 Rc7 33. Qf6 a4 34. Qxd6 Rfc8 35. Qf4 Kg7 36. Qxa4 Re7 37. Qd4+ Kh7 38. Qf6 Rcc7 39. Bd5 Rcd7 40. g4 hxg4 41. hxg4 Rc7 42. Kg3 Rcd7 43. f3 Rc7 44. Qh4+ Kg7 45. g5 Red7 46. Qh6+ Kg8 47. Qxg6+ Kf8 48. Qh6+ Ke7 49. Qf6+ Ke8 50. Bc6 1-0


[Site "https://www.chess.com"]

[Event "Titled Tuesday Blitz May 24 Early 2022"]
[White "Vusatiuk, Vladimir"]
[Black "Gu, Xiaobing"]
[WhiteFideId "14118610"]
[BlackFideId "8602611"]
[WhiteElo "2157"]
[BlackElo "2174"]
[Result "0-1"]
[Round "03"]
[TimeControl "180+1"]
[Date "2022.05.25"]
[WhiteClock "0:00:08"]
[BlackClock "0:00:52"]

1. d4 Nf6 2. c4 g6 3. Nc3 Bg7 4. e4 d6 5. Nf3 O-O 6. Be2 e5 7. O-O exd4 8. Nxd4 Re8 9. f3 Nc6 10. Be3 Nh5 11. Qd2 Nxd4 12. Bxd4 Nf4 13. Bxg7 Qg5 14. Qxf4 Qxf4 15. Bd4 Be6 16. Rad1 h5 17. g3 Qg5 18. f4 Qa5 19. f5 gxf5 20. Bxh5 fxe4 21. Nxe4 Bxc4 22. Nf6+ Kf8 23. Rf4 Re1+ 24. Rxe1 Qxe1+ 25. Kg2 Qd2+ 26. Kh3 Be6+ 27. Bg4 Ke7 28. Bxe6 fxe6 29. Ng4 e5 30. Rf2 Qxd4 31. Nh6 Rh8 32. Rf7+ Ke6 33. Rg7 Rxh6+ 34. Kg2 e4 35. Rg4 Qd2+ 36. Kf1 Rxh2 37. Rxe4+ Kd5 38. Rf4 Rh1# 0-1


[Site "https://www.chess.com"]

[Event "Titled Tuesday Blitz May 24 Early 2022"]
[White "Wagner, Dennis"]
[Black "Manukian, Artak"]
[WhiteFideId "24650684"]
[BlackFideId "13301373"]
[WhiteElo "2355"]
[BlackElo "2501"]
[Result "1/2-1/2"]
[Round "03"]
[TimeControl "180+1"]
[Date "2022.05.25"]
[WhiteClock "0:00:07"]
[BlackClock "0:00:16"]

1. e4 c6 2. d4 d5 3. exd5 cxd5 4. Bd3 Nc6 5. c3 e5 6. dxe5 Nxe5 7. Bb5+ Nc6 8. Qe2+ Qe7 9. Nf3 Bg4 10. O-O Qxe2 11. Bxe2 O-O-O 12. h3 Bh5 13. Be3 Nf6 14. Nbd2 Bd6 15. Rad1 Rhe8 16. Nb3 Ne5 17. g4 Nxf3+ 18. Bxf3 Bg6 19. Bxa7 Be4 20. Bg2 h5 21. g5 Bxg2 22. Kxg2 Ne4 23. Rxd5 Bf4 24. Rfd1 Rxd5 25. Rxd5 Nxg5 26. Rf5 Ne6 27. Rxf7 Be5 28. Be3 Bf6 29. Bb6 Nf4+ 30. Kg3 Nd3 31. Na5 Be5+ 32. f4 Nxf4 33. Kf3 Nxh3 34. Kg2 Nf4+ 35. Kf3 Nh3 36. Kg2 Nf4+ 37. Kf2 Bf6 38. Nxb7 Re7 39. Rxe7 Bxe7 40. Na5 Nd3+ 41. Kf3 Nxb2 42. Nc6 Bf6 43. Bd4 Na4 44. Bxf6 gxf6 45. c4 Kc7 46. Nd4 Kd6 47. Kf4 Kc5 48. Nb3+ Kxc4 49. Kf5 Kb4 50. Kxf6 h4 51. Nd4 h3 52. Nf3 Nc3 53. Kf5 Nxa2 54. Kg4 Nc1 55. Kxh3 1/2-1/2


[Site "https://www.chess.com"]

[Event "Titled Tuesday Blitz May 24 Early 2022"]
[White "Warchol, Kamil"]
[Black "Politov, Pavel Y."]
[WhiteFideId "21858241"]
[BlackFideId "24110515"]
[WhiteElo "1951"]
[BlackElo "2090"]
[Result "1-0"]
[Round "03"]
[TimeControl "180+1"]
[Date "2022.05.25"]
[WhiteClock "0:02:29"]
[BlackClock "0:02:12"]

1. e4 c5 2. Nf3 d6 3. d4 cxd4 4. Nxd4 Nf6 5. Nc3 a6 6. f4 e5 7. Nf3 Nc6 8. fxe5 Nxe5 9. Nxe5 dxe5 10. Qxd8+ Kxd8 11. Bg5 Bb4 12. O-O-O+ Ke7 13. Bxf6+ gxf6 14. Nd5+ 1-0


[Site "https://www.chess.com"]

[Event "Titled Tuesday Blitz May 24 Early 2022"]
[White "Xiong, Jeffery"]
[Black "Yeletsky, Ivan"]
[WhiteFideId "2047640"]
[BlackFideId "24180327"]
[WhiteElo "2727"]
[BlackElo "2319"]
[Result "0-1"]
[Round "03"]
[TimeControl "180+1"]
[Date "2022.05.24"]
[WhiteClock "0:00:01"]
[BlackClock "0:00:45"]

1. e4 c5 2. Nf3 d6 3. Nc3 Nf6 4. d4 cxd4 5. Qxd4 Nc6 6. Qd3 g6 7. Nd5 Bg7 8. c3 O-O 9. Bg5 Nd7 10. Be2 h6 11. Bh4 Nc5 12. Qe3 g5 13. Bg3 e6 14. Nb4 Nxb4 15. cxb4 Nxe4 16. Qxe4 f5 17. Qc2 f4 18. O-O Qf6 19. Rab1 d5 20. Qc5 Bd7 21. Bd3 Rac8 22. Qxa7 e5 23. Qa5 Be6 24. Ne1 e4 25. Be2 d4 26. Bh5 d3 27. Rd1 fxg3 28. hxg3 Qxb2 29. Qb6 Bxa2 30. Qxb7 Qd4 31. Bg6 Bd5 32. Qd7 d2 33. Bxe4 Qxe4 34. Rxd2 Bc4 35. Rc2 Bxf1 36. Rxc8 Qxe1 37. Qd5+ Kh7 38. Kh2 Qxf2 39. Rxf8 Qxf8 40. Qe4+ Kh8 41. Qd5 Qb8 0-1


[Site "https://www.chess.com"]

[Event "Titled Tuesday Blitz May 24 Early 2022"]
[White "Yaksin, Oleg"]
[Black "Bifulco, Michel"]
[WhiteFideId "24105880"]
[BlackFideId "828580"]
[WhiteElo "2256"]
[BlackElo "2165"]
[Result "1-0"]
[Round "03"]
[TimeControl "180+1"]
[Date "2022.05.25"]
[WhiteClock "0:00:33"]
[BlackClock "0:00:21"]

1. d4 Nf6 2. c4 g6 3. g3 Bg7 4. Bg2 d6 5. Nc3 O-O 6. Nf3 Nc6 7. O-O a6 8. b3 Rb8 9. Nd5 b5 10. Nxf6+ Bxf6 11. cxb5 axb5 12. Bb2 Bd7 13. Rc1 Ra8 14. a3 e5 15. dxe5 dxe5 16. Nd2 Ra6 17. Ne4 Be7 18. Nc5 Bxc5 19. Rxc5 Qe7 20. b4 Rd8 21. Bxc6 Bxc6 22. Rxe5 Qf8 23. Qc1 h5 24. Rxh5 gxh5 25. Qg5+ Kh7 26. Qxh5+ 1-0


[Site "https://www.chess.com"]

[Event "Titled Tuesday Blitz May 24 Early 2022"]
[White "Yang, Kaiqi"]
[Black "Nogerbek, Kazybek"]
[WhiteFideId "8604398"]
[BlackFideId "13710427"]
[WhiteElo "2373"]
[BlackElo "2441"]
[Result "0-1"]
[Round "03"]
[TimeControl "180+1"]
[Date "2022.05.24"]
[WhiteClock "0:00:13"]
[BlackClock "0:01:31"]

1. d4 Nf6 2. c4 e6 3. Bf4 b6 4. a3 Bb7 5. Nc3 d5 6. cxd5 Nxd5 7. Nxd5 Bxd5 8. e3 Bd6 9. Bg3 O-O 10. Nf3 Nd7 11. Rc1 Rc8 12. Ba6 Ra8 13. b4 Bxg3 14. hxg3 c5 15. Bd3 h6 16. g4 Bxf3 17. Qxf3 cxd4 18. exd4 Qg5 19. Rc7 Nf6 20. O-O Rad8 21. Rd1 a5 22. bxa5 bxa5 23. Ra7 g6 24. Be2 Kg7 25. Qe3 Ra8 26. Rxa8 Rxa8 27. Rb1 Nd5 28. Qxg5 hxg5 29. Bf3 Rd8 30. Rb5 a4 31. Ra5 Nc3 32. Rxg5 Rxd4 33. Ra5 Nb1 34. Bc6 Rxg4 35. Bxa4 Nxa3 36. Be8 Nc4 37. Ra7 Nd6 38. Bc6 g5 39. g3 Rc4 40. Bf3 Kf6 41. Kg2 Ke5 42. Bh5 f5 43. Ra5+ Kf6 44. Be2 Rc2 45. Bd3 Rd2 46. Bb1 Nc4 47. Rc5 Ne3+ 48. Kg1 Ng4 49. Ba2 Rxa2 0-1


[Site "https://www.chess.com"]

[Event "Titled Tuesday Blitz May 24 Early 2022"]
[White "Yuan, Qingyu"]
[Black "Zemlyanskii, Ivan"]
[WhiteFideId "8609772"]
[BlackFideId "24249971"]
[WhiteElo "2359"]
[BlackElo "1815"]
[Result "1-0"]
[Round "03"]
[TimeControl "180+1"]
[Date "2022.05.24"]
[WhiteClock "0:00:16"]
[BlackClock "0:00:11"]

1. e4 c5 2. Nf3 e6 3. b3 Nc6 4. Bb2 a6 5. g3 Qc7 6. Bg2 Nf6 7. e5 Nd5 8. Nc3 Nxc3 9. Bxc3 b5 10. O-O Bb7 11. a4 b4 12. Bb2 Be7 13. Re1 O-O 14. h4 f6 15. d3 fxe5 16. Nxe5 Bf6 17. f4 Rae8 18. Qc1 Bxe5 19. Bxe5 d6 20. Bb2 Nd4 21. Bxd4 cxd4 22. Qd2 Bxg2 23. Qxg2 a5 24. Re2 Rf6 25. Rae1 h6 26. Kh2 Qc5 27. Qb7 Rf7 28. Qg2 Rf6 29. Re4 Rc8 30. R1e2 d5 31. Re5 Rc6 32. Qh3 Qc3 33. Qg4 Kh7 34. f5 exf5 35. Rxf5 Rce6 36. Ref2 Rxf5 37. Qxf5+ Rg6 38. h5 1-0


[Site "https://www.chess.com"]

[Event "Titled Tuesday Blitz May 24 Early 2022"]
[White "Zaksaite, Salomeja"]
[Black "Mikhalsky, Vladimir"]
[WhiteFideId "12801496"]
[BlackFideId "14144352"]
[WhiteElo "1953"]
[BlackElo "2301"]
[Result "0-1"]
[Round "03"]
[TimeControl "180+1"]
[Date "2022.05.25"]
[WhiteClock "0:00:01"]
[BlackClock "0:00:18"]

1. e4 g6 2. d4 Bg7 3. Nc3 d6 4. Bc4 a6 5. a4 b6 6. Nf3 e6 7. Qe2 Ne7 8. Bg5 h6 9. Be3 Bb7 10. h4 Nbc6 11. h5 g5 12. Rd1 Nb4 13. Bb3 Qd7 14. Nh2 O-O-O 15. O-O f5 16. exf5 exf5 17. Bxg5 Ned5 18. Bxd8 Rxd8 19. Nxd5 Nxd5 20. Bxd5 Bxd5 21. Qxa6+ Bb7 22. Qd3 Rg8 23. d5 Qxa4 24. Qxf5+ Kb8 25. c3 Be5 26. Nf3 Bc8 27. Qf7 Qg4 28. Ne1 Qh4 29. f4 Rg7 30. Qf8 Bf6 31. Rd3 Re7 32. Rdf3 Rxe1 0-1


[Site "https://www.chess.com"]

[Event "Titled Tuesday Blitz May 24 Early 2022"]
[White "Zanette, Edgard Vinicius"]
[Black "Schekachikhin, Maksim"]
[WhiteFideId "2109263"]
[BlackFideId "24177830"]
[WhiteElo "2182"]
[BlackElo "2239"]
[Result "0-1"]
[Round "03"]
[TimeControl "180+1"]
[Date "2022.05.25"]
[WhiteClock "0:00:16"]
[BlackClock "0:01:01"]

1. e4 c5 2. Nc3 a6 3. g3 b5 4. Bg2 Bb7 5. d3 e6 6. f4 d5 7. Nf3 b4 8. Na4 dxe4 9. Ng5 Nf6 10. O-O Bc6 11. b3 Qd4+ 12. Kh1 Qxa1 13. Qe2 Qd4 14. Nb6 exd3 15. cxd3 Ra7 16. Bb2 Qd8 17. Nc4 Be7 18. Ne5 Bxg2+ 19. Kxg2 O-O 20. h4 Qd5+ 21. Kh3 Nbd7 22. h5 h6 23. Ngf3 Nxe5 24. Nxe5 Nd7 25. Ng4 Qxh5+ 26. Kg2 Qd5+ 27. Kh3 f5 28. Ne3 Qc6 29. Rh1 Bf6 30. Rh2 Bxb2 31. Qxb2 Nf6 0-1


[Site "https://www.chess.com"]

[Event "Titled Tuesday Blitz May 24 Early 2022"]
[White "Zavgorodniy, Sergiy"]
[Black "Oparin, Grigoriy"]
[WhiteFideId "14110148"]
[BlackFideId "24125890"]
[WhiteElo "2420"]
[BlackElo "2665"]
[Result "0-1"]
[Round "03"]
[TimeControl "180+1"]
[Date "2022.05.24"]
[WhiteClock "0:01:29"]
[BlackClock "0:02:13"]

1. e4 c5 2. Nf3 d6 3. c3 Nf6 4. Bc4 e6 5. Qe2 Be7 6. Bb3 O-O 7. O-O b6 8. Re1 Ba6 9. Qe3 Nc6 10. d4 cxd4 11. cxd4 Nb4 12. Nc3 Nd3 13. Rd1 Ng4 14. Qe2 Ngxf2 15. Rf1 Ng4 16. Bc2 Nb4 0-1


[Site "https://www.chess.com"]

[Event "Titled Tuesday Blitz May 24 Early 2022"]
[White "Zorbos"]
[Black "Preotu, Razvan"]
[BlackFideId "2613280"]
[WhiteElo "2507"]
[BlackElo "2407"]
[Result "0-1"]
[Round "03"]
[TimeControl "180+1"]
[Date "2022.05.25"]
[WhiteClock "0:00:24"]
[BlackClock "0:00:38"]

1. d4 Nf6 2. c4 g6 3. Nc3 d5 4. Nf3 Bg7 5. Qb3 dxc4 6. Qxc4 O-O 7. e4 a6 8. e5 b5 9. Qb3 Nfd7 10. e6 fxe6 11. Be3 Nf6 12. h4 Nc6 13. Rd1 Kh8 14. Bd3 Qd6 15. h5 Nxh5 16. Rxh5 gxh5 17. a3 Rxf3 18. gxf3 Nxd4 19. Bxd4 Bxd4 20. Bb1 Qe5+ 21. Ne2 c5 22. Qc2 Qg7 23. Nxd4 cxd4 24. Rxd4 Bb7 25. Rd7 Bxf3 26. Qc5 Qg1+ 27. Kd2 Qd1+ 28. Ke3 Qxd7 29. Qe5+ Kg8 30. Qg5+ Kf8 31. Qf4+ Ke8 32. Kxf3 Qd1+ 33. Kg3 Qxb1 0-1


[Site "https://www.chess.com"]

[Event "Titled Tuesday Blitz May 24 Early 2022"]
[White "Agasarov, Benik"]
[Black "Borgaonkar Akshay"]
[WhiteFideId "13314823"]
[BlackFideId "25639110"]
[WhiteElo "2617"]
[BlackElo "1639"]
[Result "0-1"]
[Round "04"]
[TimeControl "180+1"]
[Date "2022.05.25"]
[WhiteClock "0:00:06"]
[BlackClock "0:00:39"]

1. e4 c5 2. Nf3 e6 3. d4 cxd4 4. Nxd4 Nc6 5. Nc3 Qc7 6. Be3 Nf6 7. Ndb5 Qb8 8. f4 a6 9. Nd4 Bb4 10. Qd3 d5 11. e5 Ne4 12. Bd2 Nxd2 13. Qxd2 Qa7 14. O-O-O Nxd4 15. Qxd4 Bc5 16. Qd3 Be3+ 17. Kb1 Bxf4 18. g3 Bxe5 19. Nxd5 exd5 20. Qxd5 Bf6 21. Re1+ Be6 22. Rxe6+ fxe6 23. Qxe6+ Kf8 24. Qd6+ Be7 25. Qf4+ Ke8 26. Bg2 Rd8 27. Qa4+ b5 28. Bc6+ Kf8 29. Rf1+ Bf6 30. Bxb5 Qd4 31. Qa3+ Qd6 32. Qb3 Qd1+ 0-1


[Site "https://www.chess.com"]

[Event "Titled Tuesday Blitz May 24 Early 2022"]
[White "Aggelis, Nikolaos"]
[Black "Bocharov, Dmitry"]
[WhiteFideId "4213220"]
[BlackFideId "4138716"]
[WhiteElo "2154"]
[BlackElo "2541"]
[Result "0-1"]
[Round "04"]
[TimeControl "180+1"]
[Date "2022.05.25"]
[WhiteClock "0:00:56"]
[BlackClock "0:01:12"]

1. d4 Nf6 2. g3 c5 3. Bg2 cxd4 4. Nf3 e5 5. O-O Nc6 6. c3 dxc3 7. Nxc3 d5 8. Bg5 d4 9. Ne4 Be7 10. Bxf6 Bxf6 11. Nc5 O-O 12. Rc1 Rb8 13. Qb3 Be7 14. Rfd1 Bxc5 15. Rxc5 Be6 16. Qa4 f6 17. e3 Qb6 18. exd4 Rbd8 19. Rb5 Qa6 20. Qxa6 bxa6 21. Rc5 Nxd4 22. Nxd4 exd4 23. Ra5 Rd6 24. Bf1 Bg4 25. Bc4+ Kh8 26. Rd2 Rc8 27. b3 Rcc6 28. Kg2 g5 29. Rd5 Rxd5 30. Bxd5 Rd6 31. Bf3 Bf5 32. Be2 Kg7 33. Bd3 Bxd3 34. Rxd3 f5 35. Kf3 Kf6 36. Ke2 Ke5 37. Kd2 Rc6 38. h4 g4 39. Kd1 Rc3 40. Rd2 d3 41. Rb2 Ke4 42. b4 Rc2 43. Rb3 Rxf2 44. a4 f4 45. gxf4 g3 46. b5 g2 0-1


[Site "https://www.chess.com"]

[Event "Titled Tuesday Blitz May 24 Early 2022"]
[White "Alinasab, Mobina"]
[Black "Sadubayev, Airat"]
[WhiteFideId "12528897"]
[BlackFideId "13713264"]
[WhiteElo "2031"]
[BlackElo "2234"]
[Result "1-0"]
[Round "04"]
[TimeControl "180+1"]
[Date "2022.05.25"]
[WhiteClock "0:01:01"]
[BlackClock "0:00:00"]

1. Nf3 d5 2. g3 Bg4 3. Bg2 Nd7 4. d4 Ngf6 5. O-O e6 6. b3 Be7 7. Bb2 O-O 8. c4 c6 9. Nc3 h6 10. Qc2 Bf5 11. Qd1 Ne4 12. Nxe4 Bxe4 13. cxd5 exd5 14. Ne5 Bxg2 15. Kxg2 Nf6 16. Qd3 Ne4 17. f3 Nd6 18. e4 a5 19. exd5 cxd5 20. Bc1 a4 21. Bf4 Qa5 22. Ng4 Rfe8 23. Be5 axb3 24. axb3 Qxa1 25. Rxa1 Rxa1 26. Ne3 f6 27. Bxd6 Bxd6 28. Nxd5 Ra2+ 29. Kh3 Kf7 30. Nc3 Raa8 31. Ne4 Be7 32. d5 Rad8 33. d6 f5 34. Qc4+ Kg6 35. dxe7 Rxe7 36. Nc3 Red7 37. Qe6+ Kh7 38. Qxf5+ Kh8 39. Ne4 Rd3 40. b4 R3d4 41. b5 R4d5 42. Qf7 Rxb5 43. Nd6 Rb6 44. Ne8 Rxe8 45. Qxe8+ Kh7 46. Qe4+ Kh8 47. f4 Kg8 48. Kg4 Kh8 49. Kh4 Kg8 50. g4 Kh8 51. g5 1-0


[Site "https://www.chess.com"]

[Event "Titled Tuesday Blitz May 24 Early 2022"]
[White "Al-Tarboush, Ward"]
[Black "Le, Tuan Minh"]
[WhiteFideId "7601450"]
[BlackFideId "12401153"]
[WhiteElo "2294"]
[BlackElo "2450"]
[Result "0-1"]
[Round "04"]
[TimeControl "180+1"]
[Date "2022.05.25"]
[WhiteClock "0:01:39"]
[BlackClock "0:01:09"]

1. e4 c5 2. Nf3 Nf6 3. e5 Nd5 4. Nc3 e6 5. Be2 Nc6 6. Nxd5 exd5 7. O-O d6 8. d4 cxd4 9. exd6 Bxd6 10. h3 Bc5 11. Bg5 Qd6 12. a3 a6 13. b4 Bb6 14. Bd3 O-O 15. Qd2 Re8 16. Bf4 Qf6 17. Bg5 Qd6 18. Bf4 Qd8 19. Rfe1 Bd7 20. Ng5 g6 21. Rxe8+ Qxe8 22. Re1 Qf8 23. h4 Re8 24. h5 Rxe1+ 25. Qxe1 Qe7 26. Qd1 Bd8 27. hxg6 hxg6 28. Qf3 Qe1+ 29. Kh2 Ne5 30. Bxe5 Qxe5+ 31. Qg3 Qxg3+ 0-1


[Site "https://www.chess.com"]

[Event "Titled Tuesday Blitz May 24 Early 2022"]
[White "Ambartsumova, Karina"]
[Black "Fernandez Siles, Luis"]
[WhiteFideId "4166299"]
[BlackFideId "2209420"]
[WhiteElo "2262"]
[BlackElo "2212"]
[Result "0-1"]
[Round "04"]
[TimeControl "180+1"]
[Date "2022.05.25"]
[WhiteClock "0:00:01"]
[BlackClock "0:00:06"]

1. e4 c5 2. Nf3 Nc6 3. d4 cxd4 4. Nxd4 Nf6 5. Nc3 e5 6. Ndb5 d6 7. Bg5 a6 8. Na3 b5 9. Nd5 Be7 10. Bxf6 Bxf6 11. c3 O-O 12. Be2 Bg5 13. Nc2 Rb8 14. O-O Be6 15. a4 bxa4 16. Rxa4 Rxb2 17. Rxa6 Bxd5 18. exd5 Ne7 19. Bf3 f5 20. g3 e4 21. Bg2 Bf6 22. Nd4 Bxd4 23. Qxd4 Qc7 24. Rc1 Rc8 25. c4 Rb4 26. Ra7 Rb7 27. Rca1 Rcb8 28. Rxb7 Qxb7 29. Ra7 Qb1+ 30. Bf1 Rb7 31. Rxb7 Qxb7 32. c5 Qa7 33. Kg2 Qxc5 34. Qd2 Kf8 35. Qg5 Qxd5 36. Kg1 Qe5 37. h4 d5 38. Qd2 g6 39. Qb4 Kg7 40. Qb7 h6 41. Bb5 g5 42. hxg5 hxg5 43. Bd7 f4 44. Kg2 e3 45. gxf4 gxf4 46. fxe3 fxe3 47. Bg4 e2 48. Bxe2 Qxe2+ 49. Kg1 Qe3+ 50. Kg2 d4 51. Qd7 Qe4+ 52. Kg1 d3 53. Kf2 Kf6 54. Qd6+ Kf5 55. Qd7+ Kf4 56. Qd6+ Kf5 57. Qd7+ Kf6 58. Qd6+ Kf7 59. Kf1 Qf5+ 60. Ke1 Nd5 61. Kd2 Qe4 62. Qd7+ Kf6 63. Qd6+ Kf5 64. Qd7+ Kf4 65. Qd6+ Kf3 66. Qf8+ Qf4+ 67. Qxf4+ Nxf4 68. Kd1 Ke3 69. Ke1 d2+ 70. Kd1 Nh3 0-1


[Site "https://www.chess.com"]